Ben, chaotic male elven Wizard --------- ----------- ##-.......| #####|..........####|.......| # |.........|####........| 0###################..........|# --------- #----------- # #-.---------# #|.........|## ############# #|.........| ### ------ #|.........-## ## |.....#############..........| # -----### |....| # ----------- ### |...|# ------+- ------- |....-############ # |....##### |.>....| |.....| |....| ##....| # |......| #-.....| |...<| ----- ##.......@######|.....| |....| -------- |.....| ------ |.....| ------- Ben the Conjurer Experience level: 4 Strength: 11 Dexterity: 11 Constitution: 12 Intelligence: 20 Wisdom: 12 Charisma: 9 Health: 26(35) Energy: 43(61) AC: 10 Gold: 2617 Moves: 907 Your Inventory: Coins $ - 2617 gold pieces Weapons a - a blessed +1 quarterstaff (weapon in hands) Comestibles p - an [uncursed] food ration Scrolls j - 2 uncursed scrolls of light k - 2 uncursed scrolls of gold detection q - 2 [blessed] scrolls labeled GARVEN DEH [of enchant armor] t - an [uncursed] scroll labeled ANDOVA BEGARIN [of flood] u - an [uncursed] scroll of genocide v - an [uncursed] scroll labeled VENZAR BORGAVVE [of scare monster] w - an [uncursed] scroll labeled VAS CORP BET MANI [of enchant weapon] x - an [uncursed] scroll of destroy armor y - a [blessed] scroll labeled JUYED AWK YACC [of fire] z - a [blessed] unlabeled scroll [of blank paper] A - a [blessed] scroll of destroy armor B - an [uncursed] scroll labeled KO BATE [of create monster] C - a [blessed] scroll labeled ANDOVA BEGARIN [of flood] D - 2 [uncursed] scrolls labeled GARVEN DEH [of enchant armor] E - a [cursed] scroll labeled SODALG [of teleportation] F - a [blessed] scroll labeled GNIK SISI VLE [of food detection] G - a [blessed] scroll labeled YUM YUM [of confuse monster] H - an [uncursed] scroll labeled ASHPD [of magic mapping] Spellbooks l - a blessed spellbook of force bolt m - an uncursed spellbook of healing Potions f - an uncursed potion of sleeping o - an [uncursed] brown potion [of gain ability] Rings d - an uncursed ring of shock resistance (on right hand) e - an uncursed ring of free action (on left hand) Wands c - an uncursed wand of striking (0:8) r - an [uncursed] spiked wand [of teleportation (0:8)] Tools n - an uncursed bell s - an [uncursed] key [skeleton key] Spells known in the end: Name Level Category Fail Memory a - force bolt 1 attack 0% [||||||||] b - healing 1 healing 0% [||||||||] Your skills at the end: Fighting Skills Weapon Skills quarterstaff [Basic / Expert] Spellcasting Skills attack spells [Basic / Expert] enchantment spells [Basic / Skilled] Final Attributes: You had strayed. Hunger level was 353. Your alignment was -2 / 14. Monster difficulty range was 0 - 3. Level difficulty was 2. You were immune to sleep. You were immune to electricity. You saw invisible. You had infravision. You had free action. Your luck was zero. You survived. Vanquished creatures: a shopkeeper a shrieker a gas spore 2 giant rats a gecko 2 jackals a fox a goblin 4 grid bugs a kobold zombie 2 newts 17 creatures vanquished. Voluntary challenges: You were an atheist. You used a wielded weapon 16 times. You read items or engraved 2 times. You put on armor 1 time. You never genocided any monsters. You never polymorphed an object. You never changed form. You used no wishes. You never wrote Elbereth's name. You never encountered a bones level. You never used any Sokoban shortcuts. Dungeon overview: The Dungeons of Doom: levels 1 to 2 Level 1 a long staircase Level 2 <- You were here a scroll shop History has recorded: On T:1 you entered the Dungeons of Doom to retrieve the Amulet of Yendor! On T:446 you reached level 2 of The Dungeons of Doom. On T:481 you advanced to experience level 2. On T:677 you advanced to experience level 3. On T:861 you advanced to experience level 4. Latest messages: z - an unlabeled scroll. [HP+1=23] A - a scroll labeled VE FORBRYDERNE. B - a scroll labeled KO BATE. C - a scroll labeled ANDOVA BEGARIN. D - a scroll labeled GARVEN DEH. E - a scroll labeled SODALG. D - a scroll labeled GARVEN DEH. [HP+1=24] F - a scroll labeled GNIK SISI VLE. k - an uncursed scroll of gold detection. x - a scroll labeled VE FORBRYDERNE. G - a scroll labeled YUM YUM. j - an uncursed scroll of light. H - a scroll labeled ASHPD. [HP+1=25] You can no longer see through yourself. [HP+1=26] As you read the scroll, it disappears. Your cloak crumbles and turns to dust! Final status: Goodbye Ben the Wizard... You quit in The Dungeons of Doom on dungeon level 2 with 3973 points, and 2617 pieces of gold, after 907 moves. You were level 4 with a maximum of 35 hit points when you quit.